Map: Blackpink LE

Players

liquidthermy (uThermal) - Winner!

  • Race: Terran Terran
  • League: Grandmaster
  • Spawn Location: 7:00

SortOf

  • Race: Zerg Zerg
  • League: Master
  • Spawn Location: 1:00

Event: HomeStory Cup XVI

VOD

Have the link to the VOD?

Description

Time

  • Played on: Nov. 9, 2017, 7:29 a.m.
  • Length: 13:04

All games in this series

Show
View Real Time Build Order
Export as new Build Order

liquidthermy Terran - Winner!

Build Orders: Gas First Reaper Expand, Hellion Opening, Reaper Expand 

Get SALT Encoding   

  12  0:01  SCV  
  13  0:13  SCV  
  14  0:18  Supply Depot  
  14  0:25  SCV  
  15  0:30  Refinery  
  15  0:39  SCV  
  16  0:44  Barracks  
  16  0:51  SCV  
  17  1:03  SCV  
  18  1:16  SCV  
  19  1:31  Reaper, Orbital Command  
  20  1:43  Command Center  
  20  1:55  Factory  
  20  1:57  SCV  
  21  2:07  Barracks Reactor  
  21  2:09  SCV  
  21  2:13  Supply Depot  
  22  2:15  Refinery  
  22  2:21  SCV  
  23  2:34  SCV  
  24  2:44  Starport  
  24  2:49  SCV  
  24  2:50  Marine  
  24  2:51  Hellion  
  28  2:52  Hellion  
  28  2:56  Orbital Command  
  30  3:01  SCV  
  31  3:12  Hellion  
  33  3:13  SCV, Hellion  
  36  3:20  Medivac, Barracks Tech Lab  
  36  3:23  SCV  
  39  3:28  Supply Depot  
  39  3:33  Hellion  
  41  3:36  Hellion  
  41  3:39  SCV  
  44  3:42  SCV  
  45  3:51  SCV  
  45  3:54  SCV  
  47  3:57  Viking  
  47  4:00  Cloaking Field  
  49  4:03  SCV  
  49  4:05  Supply Depot  
  49  4:06  SCV  
  51  4:15  SCV  
  52  4:18  SCV  
  53  4:28  SCV  
  53  4:30  SCV  
  55  4:31  Command Center  
  55  4:38  Armory x2  
  55  4:40  SCV  
  55  4:45  Refinery x2  
  56  4:46  Hellion  
  56  4:47  Supply Depot  
  56  4:51  Hellion  
  56  4:52  SCV  
  56  5:02  SCV  
  56  5:04  SCV  
  56  5:08  Hellion  
  56  5:18  SCV x2  
  60  5:21  Hellion  
  60  5:28  Barracks Tech Lab  
  60  5:31  Factory x2, Terran Vehicle And Ship Armor Level 1, SCV x2, Terran Vehicle Weapons Level 1  
  60  5:35  Hellion  
  64  5:37  Starport Reactor  
  64  5:41  Supply Depot  
  64  5:43  SCV  
  64  5:44  SCV  
  64  5:47  Hellion x3  
  64  5:48  Orbital Command  
  66  5:56  SCV x2  
  68  5:58  Supply Depot  
  68  5:59  Hellion  
  68  6:00  Hellion  
  72  6:08  SCV x2  
  74  6:14  Refinery x2  
  74  6:15  SCV  
  75  6:20  SCV x2  
  75  6:24  Thor  
  83  6:28  Thor  
  83  6:29  SCV  
  83  6:32  SCV x2  
  92  6:39  Medivac x2  
  96  6:40  Supply Depot  
  96  6:41  Supply Depot, SCV  
  96  6:44  SCV x2  
  99  6:53  SCV  
  99  6:54  Hellion  
  100  6:56  Hellion, SCV x2  
  100  7:05  SCV  
  101  7:10  SCV  
  101  7:13  Factory x2  
  101  7:15  SCV  
  97  7:16  Thor  
  97  7:17  Thor  
  97  7:18  Supply Depot  
  97  7:19  Supply Depot  
  97  7:22  SCV x2  
  111  7:34  Medivac  
  111  7:35  Medivac  
  115  7:37  Command Center  
  115  7:42  Infernal Pre-Igniter, Engineering Bay, Hellion  
  115  7:43  Hellion  
  119  7:52  Supply Depot  
  119  7:53  Supply Depot  
  119  7:57  Terran Vehicle And Ship Armor Level 2  
  119  7:59  Terran Vehicle Weapons Level 2  
  119  8:03  Hellion  
  121  8:07  Hellion  
  123  8:13  Factory Tech Lab  
  123  8:14  Hellion x2, Siege Tank  
  123  8:15  Hellion x2  
  123  8:17  Supply Depot  
  123  8:18  Command Center  
  130  8:26  Viking x2  
  130  8:34  Factory Reactor  
  120  8:35  Hellion x2  
  124  8:41  Siege Tank  
  124  8:42  Hellion  
  124  8:46  Hellion  
  131  8:55  Planetary Fortress  
  131  8:56  Viking, Siege Tank  
  131  8:57  Refinery, Hellion  
  131  9:00  Refinery  
  136  9:03  Hellion  
  136  9:06  Viking  
  136  9:08  Hellion  
  142  9:14  Hellion x2  
  146  9:18  Hellion  
  146  9:19  Hellion  
  146  9:20  Supply Depot  
  146  9:23  Supply Depot  
  150  9:24  Hellion  
  150  9:27  Viking  
  150  9:29  Hellion, Siege Tank  
  159  9:35  Siege Tank  
  159  9:38  Hellion  
  164  9:39  Hellion  
  164  9:42  Viking  
  168  9:46  Hellion x2  
  168  9:50  Siege Tank  
  175  9:57  Viking  
  175  9:59  Hellion  
  179  10:01  Hellion, Siege Tank  
  184  10:07  Siege Tank  
  184  10:12  Viking  
  189  10:15  Factory  
  189  10:17  Factory  
  189  10:18  Hellion x8  
  189  10:19  Hellion  
  191  10:22  Hellion, Siege Tank  
  191  10:25  Hellion  
  198  10:34  Hellion, Siege Tank  
  197  10:42  Hellion  
  199  10:51  Refinery  
  199  10:53  Refinery, Missile Turret  
  199  11:00  Hellion x4  
  199  11:33  Hellion x28  
  199  11:45  Factory Tech Lab, Factory Reactor  
  199  11:47  Factory  
  199  11:48  Command Center  
  199  12:07  Hellion x2, Siege Tank x2  
  199  12:09  Siege Tank  
  199  12:10  Hellion  
  199  12:14  Hellion, Siege Tank  
  181  12:22  Hellion  
  181  12:27  Hellion  
  181  12:29  Hellion x2  
  183  12:31  Hellion  
  183  12:36  Hellion  
Show
View Real Time Build Order
Export as new Build Order

SortOf Zerg 

Build Orders: Hatch First, Swarm Host 

Get SALT Encoding   

  12  0:01  Drone  
  13  0:13  Overlord  
  13  0:27  Drone  
  14  0:33  Drone x2  
  16  0:40  Drone  
  17  0:53  Hatchery  
  17  0:56  Drone  
  17  1:00  Drone  
  18  1:13  Extractor  
  18  1:16  Spawning Pool  
  18  1:17  Drone  
  17  1:21  Drone  
  18  1:32  Drone  
  19  1:42  Drone  
  20  1:49  Hatchery  
  20  1:53  Drone  
  20  2:04  Queen  
  20  2:05  Zergling x2  
  20  2:06  Zergling x2  
  24  2:15  Overlord  
  24  2:18  Drone  
  25  2:26  Drone  
  25  2:29  Metabolic Boost  
  26  2:30  Drone  
  26  2:36  Drone  
  28  2:39  Queen  
  30  2:44  Drone  
  30  2:49  Queen  
  33  2:54  Overlord  
  33  2:57  Drone  
  34  2:59  Drone  
  34  3:04  Drone  
  36  3:08  Queen  
  36  3:10  Drone  
  39  3:13  Zergling x2  
  39  3:14  Zergling x2  
  39  3:16  Drone  
  39  3:19  Drone  
  43  3:24  Overlord  
  43  3:27  Drone x2  
  43  3:32  Queen  
  47  3:39  Drone x2  
  47  3:41  Overlord  
  48  3:42  Drone  
  49  3:48  Baneling Nest  
  49  3:50  Drone  
  49  3:51  Zergling x4  
  49  3:55  Zergling x4  
  53  4:00  Drone x3  
  56  4:03  Drone x2  
  56  4:06  Overlord  
  58  4:10  Overlord  
  58  4:14  Queen  
  60  4:17  Drone  
  60  4:18  Drone  
  60  4:20  Drone  
  63  4:24  Lair  
  62  4:32  Overlord  
  62  4:33  Spore Crawler, Drone  
  62  4:34  Drone x2  
  64  4:39  Drone x2  
  64  4:43  Spore Crawler, Drone  
  67  4:50  Zergling x4  
  67  4:51  Zergling x4  
  68  4:53  Drone x2  
  68  4:54  Drone  
  66  5:06  Drone x2  
  66  5:07  Drone x3  
  62  5:12  Drone  
  62  5:15  Drone x5  
  62  5:19  Spore Crawler  
  66  5:22  Overlord  
  66  5:23  Extractor x2, Drone  
  66  5:25  Drone  
  66  5:29  Overseer  
  66  5:30  Drone x2  
  66  5:33  Queen  
  66  5:35  Overlord  
  70  5:40  Drone x2  
  72  5:45  Extractor  
  72  5:47  Overlord  
  72  5:48  Extractor, Drone x6  
  76  5:51  Drone  
  76  5:52  Hydralisk Den  
  76  5:56  Spore Crawler  
  75  5:58  Drone  
  76  6:05  Drone x3  
  76  6:06  Evolution Chamber  
  76  6:09  Extractor  
  77  6:13  Drone x5  
  77  6:17  Drone x2  
  84  6:19  Drone, Hatchery  
  84  6:20  Drone  
  84  6:24  Muscular Augments  
  85  6:27  Hydralisk  
  85  6:29  Overlord  
  85  6:31  Baneling x3  
  87  6:36  Centrifical Hooks  
  87  6:38  Zerg Missile Weapons Level 1  
  87  6:42  Hydralisk  
  88  6:48  Hydralisk x2  
  88  6:56  Drone x3  
  84  7:06  Drone x9  
  89  7:10  Drone x2  
  89  7:14  Drone x5  
  94  7:28  Hydralisk x4  
  94  7:29  Overlord  
  102  7:34  Drone x2  
  104  7:40  Drone x4  
  108  7:45  Hydralisk x2  
  108  7:48  Evolution Chamber  
  108  7:49  Overlord  
  108  7:51  Hydralisk  
  111  7:56  Overlord  
  111  7:57  Hydralisk x2  
  116  8:00  Zergling x4  
  113  8:07  Hydralisk x3  
  113  8:08  Hydralisk  
  113  8:11  Hydralisk  
  113  8:12  Hydralisk  
  114  8:15  Zergling x4  
  108  8:27  Queen  
  108  8:28  Drone x3  
  108  8:29  Zerg Ground Armor Level 1  
  108  8:30  Infestation Pit  
  108  8:33  Hydralisk x3  
  118  8:35  Overlord  
  118  8:36  Drone  
  118  8:38  Extractor, Drone  
  118  8:41  Drone x3  
  122  8:42  Drone x2  
  124  8:51  Drone x3  
  124  8:52  Extractor  
  126  8:56  Hydralisk x3  
  126  8:57  Hydralisk x2  
  126  8:59  Overlord  
  126  9:00  Zerg Missile Weapons Level 2  
  136  9:11  Queen  
  136  9:17  Hydralisk x6  
  136  9:22  Overlord x2  
  148  9:28  Overlord  
  148  9:36  Overlord  
  148  9:38  Hive  
  148  9:43  Baneling x6  
  148  9:47  Swarm Host x2  
  148  9:48  Overlord  
  148  9:50  Zergling x8  
  148  9:51  Zergling x2  
  159  9:58  Hydralisk x2  
  159  9:59  Hydralisk, Zergling x12  
  171  10:00  Hatchery  
  171  10:02  Overlord  
  171  10:05  Swarm Host x2  
  176  10:09  Swarm Host x2  
  176  10:11  Overlord  
  182  10:21  Spire  
  180  10:23  Zergling x8  
  184  10:29  Swarm Host x2, Overlord  
  184  10:35  Drone x3  
  184  10:36  Spine Crawler x2  
  184  10:44  Swarm Host x2  
  190  10:54  Swarm Host x3  
  198  10:57  Baneling x2  
  198  11:00  Extractor  
  192  11:13  Overlord  
  192  11:34  Greater Spire  
  192  11:36  Overlord  
  192  11:47  Viper x2  
  188  12:18  Hydralisk x12  
  188  12:22  Hydralisk  
  176  12:29  Extractor  
  165  12:31  Hydralisk  
  165  12:32  Hydralisk x2  
  145  12:39  Hydralisk x2  
Tags
 
Add a new tag
Caveats
  • Supply blocks, unpowered buildings, or Contaminate may cause inaccurate times.
  • Supply counts are checked every 10 seconds.